 Dungeon Crawl Stone Soup version 0.31.0-4-g52a2dc7128 (webtiles) character file.

Game seed: 17030550214213136622

163 Arctor the Shooter (level 5, -4/31 HPs)
             Began as a Kobold Hexslinger on Jan 22, 2024.
             Shot with a bolt by an orc warrior (18 damage)
             ... on level 4 of the Dungeon.
             The game lasted 00:02:40 (2887 turns).

Arctor the Shooter (Kobold Hexslinger)              Turns: 2887, Time: 00:02:42

Health: -4/31      AC:  5    Str:  5    XL:     5   Next: 73%
Magic:  4/8        EV: 15    Int: 21    God:
Gold:   89         SH:  0    Dex: 19    Spells: 1/8 levels left

rFire   . . .        a - +1 sling
rCold   + . .        (no shield)
rNeg    . . .        s - +0 leather armour {rC+}
rPois   .            j - +1 helmet
rElec   .            (no cloak)
rCorr   .            (no gloves)
SInv    .            (no boots)
Will    .....        i - amulet of regeneration
Stlth   ++           g - +6 ring of intelligence
HPRegen 1.05/turn    (no ring)
MPRegen 0.11/turn

%: no passive effects
@: weak-willed, jinxed
A: small, no large weapons, nightstalker 3
a: no special abilities


You were on level 4 of the Dungeon.
You visited 1 branch of the dungeon, and saw 4 of its levels.

You collected 89 gold pieces.

Inventory:

Hand Weapons
 a - a +1 sling (weapon)
 t - a +0 dagger
Armour
 c - a +0 robe
 j - a +1 helmet (worn)
 s - a +0 leather armour of cold resistance (worn)
Jewellery
 g - a +6 ring of intelligence (left hand)
 i - an amulet of regeneration (around neck)
Wands
 p - a wand of flame (28)
 r - a wand of roots (11)
Scrolls
 b - 3 scrolls of poison
 l - a scroll of identify {unknown}
 q - a scroll of noise {unknown}
Potions
 d - a potion of invisibility {unknown}
 e - a potion of cancellation {unknown}
 f - 3 potions of enlightenment {unknown}
 h - a potion of might {unknown}
 k - a potion of degeneration {unknown}
 m - a potion of mutation {unknown}
 n - a potion of lignification {unknown}
 o - a potion of ambrosia {unknown}


   Skills:
 + Level 2.5 Fighting
 + Level 3.7 Ranged Weapons
 + Level 3.4 Dodging
 + Level 2.1 Spellcasting
 + Level 3.5 Hexes
 + Level 2.2 Fire Magic


You had one spell level left.
You knew the following spells:

 Your Spells              Type           Power      Damage    Failure   Level
a - Jinxbite              Hex            34%        N/A       9%          2
b - Sigil of Binding      Hex            17%        N/A       17%         3
c - Call Imp              Summ           4%         N/A       36%         2

Your spell library contained the following spells:

 Spells                   Type           Power      Damage    Failure   Level
 Magic Dart               Conj           8%         1d3       24%         1
 Summon Small Mammal      Summ           8%         N/A       24%         1
 Inner Flame              Hex/Fire       14%        N/A       22%         3
 Blink                    Tloc           4%         N/A       36%         2
 Cause Fear               Hex            8%         N/A       50%         4
 Call Canine Familiar     Summ           2%         N/A       58%         3
 Dimensional Bullseye     Hex/Tloc       4%         N/A       75%         4
 Summon Blazeheart Golem  Fire/Summ      7%         N/A       83%         4


Dungeon Overview and Level Annotations

Branches:
Dungeon (4/15)
 Temple: D:4-7

Altars:

Shops:
D:3 [


Innate Abilities, Weirdness & Mutations

You are small and have problems with some larger weapons.
You are completely attuned to the shadows.


Message History

The orc warrior shoots a bolt.
The bolt hits you!
Ouch! That really hurt!
Casting: Jinxbite (safe; 9% risk of failure)
Confirm with . or Enter, or press ? or * to list all spells.
You beckon some vexing sprites to accompany your attacks.
You feel your willpower being sapped.
The orc warrior shoots a bolt.
The bolt barely misses you.
You shoot a sling bullet.
The sling bullet closely misses the orc warrior.
A giggling sprite leaps out and doodles on the orc warrior's face.
The orc warrior is moderately wounded.
The orc warrior shoots a bolt.
The bolt barely misses you.
The orc warrior shoots a bolt.
The bolt closely misses you.
You shoot a sling bullet.
The sling bullet hits the orc warrior but does no damage.
The orc warrior is moderately wounded.
The orc warrior shoots a bolt.
The bolt closely misses you.
You shoot a sling bullet.
The sling bullet hits the orc warrior but does no damage.
The orc warrior is moderately wounded.
The orc warrior shoots a bolt.
The bolt closely misses you.
You shoot a sling bullet.
The sling bullet hits the orc warrior but does no damage.
The orc warrior is moderately wounded.
A giggling sprite leaps out and makes the orc warrior trip over its own feet.
The orc warrior is heavily wounded.
The orc warrior shoots a bolt.
The bolt barely misses you.
You shoot a sling bullet.
The sling bullet completely misses the orc warrior.
The orc warrior shoots a bolt.
The bolt hits you!
The orc warrior shoots a bolt.
The bolt barely misses you.
The jinxing sprites lose interest in you.
The orc warrior shoots a bolt.
The bolt closely misses you.
Casting: Jinxbite (safe; 9% risk of failure)
Confirm with . or Enter, or press ? or * to list all spells.
You beckon some vexing sprites to accompany your attacks.
You feel your willpower being sapped.
The orc warrior seems less drained.
The orc warrior shoots a bolt.
The bolt hits you!!
Ouch! That really hurt!
You die...

>########
.o)).....
#o# #.#
#.###.###
#...@.....
#####.###.
#.# ..# ..


You could see an orc warrior.

Vanquished Creatures
  Ijyb (D:3)
  Natasha (thrice) (D:2)
  An adder (D:2)
  2 dart slugs (D:2)
  A ribbon worm (D:2)
  2 orcs (D:4)
  3 ball pythons
  4 bats (D:1)
  3 endoplasms
  8 giant cockroaches
  3 goblins (D:1)
  4 hobgoblins
  2 quokkas
  A frilled lizard (D:2)
  7 kobolds
  4 rats
49 creatures vanquished.

Notes
Turn   | Place    | Note
-------+----------+-------------------------------------------
     0 | D:1      | Arctor the Kobold Hexslinger began the quest for the Orb.
     0 | D:1      | Reached XP level 1. HP: 12/12 MP: 2/2
   205 | D:1      | Reached XP level 2. HP: 7/16 MP: 3/3
   208 | D:1      | Learned a level 2 spell: Jinxbite
   697 | D:1      | Reached XP level 3. HP: 20/20 MP: 5/5
  1355 | D:2      | Noticed Natasha
  1360 | D:2      | Killed Natasha
  1361 | D:2      | Reached XP level 4. HP: 11/26 MP: 3/6
  1522 | D:2      | Noticed Natasha
  1528 | D:2      | Killed Natasha
  1532 | D:2      | Noticed Natasha
  1540 | D:2      | Killed Natasha
  1541 | D:2      | Reached XP level 5. HP: 21/30 MP: 3/7
  2169 | D:3      | Found Diaxiwno's Antique Armour Shoppe.
  2189 | D:3      | Identified the +0 leather armour of the Eternal Fruit {Harm
                  | rC+}
  2284 | D:3      | Noticed Ijyb
  2295 | D:3      | Killed Ijyb
  2851 | D:3      | Learned a level 3 spell: Sigil of Binding
  2854 | D:3      | Learned a level 2 spell: Call Imp
  2868 | D:4      | Noticed an orc warrior
  2887 | D:4      | Shot with a bolt by an orc warrior

Illustrated notes

Levels and vault maps discovered:
D:1:      wheals_arrival_shading, layout_loops_corners
D:2:      layout_loops_ring, minmay_cupped, uniq_natasha
D:3:      layout_loops_cross, serial_shops, nicolae_shop_tiny_waterfront,
          uniq_ijyb
D:4:      layout_loops_corners, serial_rivers, chequers_serial_rivers_micro_c,
          chequers_serial_rivers_micro_d, chequers_serial_rivers_large_a,
          chequers_serial_rivers_room_a, chequers_serial_rivers_room_a,
          nicolae_shop_sticking_my_neck_out

Skill      XL: |  1  2  3  4  5 |
---------------+----------------+-----
Ranged Weapons | 3 |  3.7
Fighting       | 2 |  2.5
Dodging        | 3 |  3.4
Fire Magic     | 2 |  2.2
Spellcasting   | 2 |  2.1
Hexes          | |  3.5

Action                     |  1- 3 |  4- 6 || total
---------------------------+-------+-------++-------
   Fire: Sling             |    84 |    79 ||   163
   Cast: Jinxbite          |     1 |    11 ||    12
    Use: Scroll            |       |     1 ||     1
 Armour: Robe              |    21 |    23 ||    44
         Leather armour    |       |     5 ||     5
  Dodge: Dodged            |    41 |    37 ||    78
